[Event "Late-Titled-Tuesday-Blitz-December-26-2023"]
[Site "Chess.com"]
[Date "2023.12.26"]
[Round "4"]
[White "aa175"]
[Black "ExchangeAB"]
[Result "1/2-1/2"]
[WhiteElo "2654"]
[BlackElo "2504"]
[TimeControl "180+1"]
[EndTime "14:39:52 PST"]
[Termination "Game drawn by repetition"]

1. d4 d5 2. Bf4 Nf6 3. e3 c5 4.
Nf3 Nc6 5. Nbd2 Bf5 6. dxc5 e6 7. Nd4 Bg6 8. Nxc6 bxc6 9. Ba6 Qd7 10. Nf3 Bh5 11. Ne5 Bxd1 12. Nxd7 Kxd7 13. Rxd1 Bxc5 14. c4 Bd6 15. Bg3 Rab8 16. cxd5 cxd5 17. b3 Rb6 18.
Bd3 h6 19. Ke2 Bxg3 20. hxg3 Rc8 21. Rh4 a5 22. Ra4 Rc5 23. Kd2 Kd6 24. Rb1 Rb4 25.
Ra3 Ng4 26. f3 Ne5 27. Be2 Nc6 28. Rc1 Rxc1 29. Kxc1 Kc5 30. Kd2 d4 31. e4 e5 32.
Bc4 f6 33. Bd5 Rb5 34. Ra4 Kb6 35. Bxc6 Kxc6 36. Rc4+ Rc5 37. Kd3 Kb5 38. Rxc5+ Kxc5 39. a3 Kb5 40. g4 Kc5 41. Kc2 Kd6 42. Kb2 g6 43. Kb1 Kc5 44. Kc1 Kd6 45. Kd1 Ke6 46.
Ke1 f5 47. Ke2 fxe4 48. fxe4 Kd6 49. Kd3 Kc5 50. Kd2 Kb5 51. Kd1 Kb6 52. Ke1 Kc5 53.
Ke2 Kd6 54. Ke1 Kc6 55. Kf1 h5 56. g5 h4 57. Ke1 Kb5 58. Ke2 Kc5 59. Kf3 a4 60.
b4+ Kc4 61. Ke2 d3+ 62. Kd2 Kd4 63. b5 Kc5 64. b6 Kxb6 65. Kxd3 Kb5 66. Kc3 Kc5 67.
Kd3 Kb5 68. Kc3 Kc5 69. Kd3 Kb5 1/2-1/2

[Event "Late-Titled-Tuesday-Blitz-December-26-2023"]
[Site "Chess.com"]
[Date "2023.12.26"]
[Round "4"]
[White "h4parah5"]
[Black "MightyGMpretender"]
[Result "1-0"]
[WhiteElo "2927"]
[BlackElo "2756"]
[TimeControl "180+1"]
[EndTime "14:39:54 PST"]
[Termination "h4parah5 won by resignation"]

1. Nf3 g6 2. e4 Bg7 3. d4 d6 4. Bc4 Nf6 5. Qe2 c6 6. Bb3 O-O 7. h3 b5 8. O-O a5 9. c3 Nbd7 10. e5 dxe5 11. dxe5 Nd5 12. e6 Nc5 13. exf7+ Rxf7 14. Ne5 Rf6 15. Ng4 Bxg4 16. Qxg4 Nxb3 17. axb3 Rf5 18.
Nd2 b4 19. c4 Nf6 20. Qe2 Qd6 21. Nf3 Rd8 22. g4 Rc5 23. Be3 Qe6 24. Rfe1 Re5 25.
Nxe5 Qxe5 26. Rad1 Rxd1 27. Rxd1 h5 28. Rd8+ Kh7 29. g5 Ne4 30. Qf3 Nxg5 31. Qxc6 Nxh3+ 32. Kf1 Qxb2 33. Qe6 Qb1+ 34. Kg2 Qg1+ 35. Kxh3 Qh1+ 36. Kg3 h4+ 37. Kf4 Bh6+ 38. Ke5 Bg7+ 39. Kf4 Qg2 40. f3 Qc2 41. Qg8+ Kh6 42. Kg4+ g5 43. Bxg5+ Kg6 44. Qe6+ Kh7 45. Qf5+ Qxf5+ 46. Kxf5 h3 47.
Rd1 a4 48. bxa4 b3 49. Bc1 h2 50. Rh1 b2 51. Bxb2 Bxb2 52. Rxh2+ Kg7 53. Rxb2 1-0

[Event "Late-Titled-Tuesday-Blitz-December-26-2023"]
[Site "Chess.com"]
[Date "2023.12.26"]
[Round "4"]
[White "GAusal"]
[Black "ccccvhhhj"]
[Result "0-1"]
[WhiteElo "2311"]
[BlackElo "2484"]
[TimeControl "180+1"]
[EndTime "14:39:54 PST"]
[Termination "ccccvhhhj won on time"]

1. d4 e5 2. dxe5 d6 3. exd6 Bxd6 4. g3 Nc6 5. Bg2 Bf5 6. Nf3 Qe7 7. O-O O-O-O 8. Qe1 h5 9. h4 f6 10. Nc3 Qe6 11.
e4 Bh3 12. Be3 Bxg2 13. Kxg2 Nh6 14. Rd1 Ng4 15. Nd4 Nxd4 16. Bxd4 g5 17. hxg5 h4 18. Bxf6 Nxf6 19. gxf6 hxg3 20. Rh1 gxf2 21. Qxf2 Rdg8+ 22. Kf3 Qg4+ 23. Ke3 Bc5+ 24. Rd4 Rxh1 25. f7 Bxd4+ 26. Kxd4 Rd8+ 27. Nd5 Qg7+ 28. Kc4 Kb8 29. Qf4 Rc8 30. e5 Rh6 31. Qf5 Rc6+ 32. Kb3 Qg3+ 33. c3 Qg7 34. e6 Rxe6 35. Qxe6 a6 36. Ne7 Rf8 37. Nd5 Qxf7 38. Qxf7 Rxf7 39. Ne3 Ka7 40. Nd5 c6 41. Ne3 Kb8 42. Nc4 Kc7 43. Ne5 Rh7 44.
Nd3 b5 45. a4 Kb6 46. axb5 cxb5 47. Nb4 Rh5 48. Nd3 a5 0-1

[Event "Late-Titled-Tuesday-Blitz-December-26-2023"]
[Site "Chess.com"]
[Date "2023.12.26"]
[Round "4"]
[White "TanitoluwaAps116"]
[Black "ShahMatKanal"]
[Result "1-0"]
[WhiteElo "2757"]
[BlackElo "2528"]
[TimeControl "180+1"]
[EndTime "14:39:56 PST"]
[Termination "TanitoluwaAps116 won on time"]

1. e4 c5 2. Nf3 e6 3. c3 Nf6 4. e5 Nd5 5. Bc4 d6 6. d4 cxd4 7. cxd4 Be7 8. O-O O-O 9. Qe2 Nc6 10. Rd1 Na5 11. Bb5 a6 12. Bd3 Nb4 13. Nc3 Nxd3 14. Rxd3 d5 15. h4 b5 16. h5 b4 17.
Nd1 Nc4 18. h6 g6 19. Ne3 Nxe3 20. Qxe3 a5 21. Qf4 f5 22. exf6 Rxf6 23. Qg3 Ba6 24. Re3 Qd6 25. Qg4 Rc8 26. Re1 Rf5 27. Bg5 Bf8 28. Nh4 Rf7 29. Rxe6 Qd7 30. Rae1 Bd3 31. Qg3 Be4 32. Rf6 Rxf6 33. Bxf6 Bxh6 34. f3 Bf5 35. Re7 Qa4 36. Nxf5 Qd1+ 37. Kh2 Qc1 38. Nxh6+ Qxh6+ 39. Qh3 Qxh3+ 40. Kxh3 Rc2 41. Kg4 h6 42. Kf4 Rxb2 43.
Rg7+ Kf8 44. Rxg6 Kf7 45. Rxh6 Rxa2 46. Kf5 a4 47. Rh7+ Kg8 48. Rg7+ Kf8 49. Rb7 Rxg2 50. Ke6 1-0

[Event "Late-Titled-Tuesday-Blitz-December-26-2023"]
[Site "Chess.com"]
[Date "2023.12.26"]
[Round "4"]
[White "Tunahan_Makaraci"]
[Black "IranianCheetah"]
[Result "1-0"]
[WhiteElo "2504"]
[BlackElo "2349"]
[TimeControl "180+1"]
[EndTime "14:39:56 PST"]
[Termination "Tunahan_Makaraci won on time"]

1. e4 e5 2. Nc3 Nf6 3. f4 d5 4. fxe5 Nxe4 5. Qf3 Nc6 6. Bb5 Nxc3 7. dxc3 Be6 8. Ne2 a6 9. Bxc6+ bxc6 10. Be3 Qh4+ 11. g3 Qe4 12. Qxe4 dxe4 13. Nd4 Bd5 14. b3 c5 15. Ne2 c4 16. Nf4 Bb7 17. bxc4 g6 18.
Nd5 O-O-O 19. O-O-O Ba3+ 20. Kb1 Rhe8 21. Bf4 Re6 22.
Ka1 Bxd5 23. cxd5 Rb6 24. Bc1 Bxc1 25. Rxc1 Rxd5 26. Rhf1 Rxe5 27. Rxf7 e3 28. Re1 Rd6 29. Kb1 e2 30. Kc1 Rc6 31. Rf2 Rxc3 32. Rexe2 Rxe2 33. Rxe2 Ra3 34. Kb2 Rf3 35. Re7 h5 36. Rg7 Rf6 37.
Kc3 Kb7 38. Kd3 Kb6 39. Ke4 c6 40. h4 Re6+ 41. Kf4 Kc5 42. Kg5 Re3 43. Rxg6 Rxg3+ 44. Kxh5 Ra3 45. Rg5+ Kb6 46. Kg6 Rxa2 47. Rg2 1-0

[Event "Late-Titled-Tuesday-Blitz-December-26-2023"]
[Site "Chess.com"]
[Date "2023.12.26"]
[Round "4"]
[White "JohnWhite1952"]
[Black "GMJustin"]
[Result "0-1"]
[WhiteElo "1985"]
[BlackElo "2237"]
[TimeControl "180+1"]
[EndTime "14:39:56 PST"]
[Termination "GMJustin won on time"]

1. e4 c5 2. Nf3 d6 3. d4 cxd4 4. Nxd4 Nf6 5. Nc3 a6 6. Be3 Ng4 7. Bg5 h6 8. Bh4 g5 9. Bg3 Bg7 10. h3 Nf6 11. Bc4 Nc6 12. O-O Nxd4 13. Qxd4 Nh5 14.
Qd5 Be6 15. Qd3 Nxg3 16. fxg3 Bxc4 17. Qxc4 O-O 18. Kh1 Rc8 19. Qb3 b5 20. Nd5 e6 21.
Ne3 Qb6 22. Ng4 Qd4 23. Rad1 Qxe4 24. Nf6+ Bxf6 25. Rxf6 Rxc2 26. Rg1 Kg7 27. Rf3 Rfc8 28. Rgf1 R8c7 29. Qa3 Qe2 30. R3f2 Qxf2 31. Rxf2 Rxf2 32. Qxd6 Rcc2 33. Qd4+ Kg6 34. Qe4+ Kf6 35. Qd4+ Ke7 36. Qb4+ Ke8 37. Qe4 Rxg2 38. Qa8+ Ke7 39. Qb7+ Kf6 40. Qxa6 Rgd2 41. Qb6 Rc1+ 42. Qg1 Rxg1+ 43. Kxg1 Rxb2 44.
a3 Ra2 45. Kf1 e5 46. h4 gxh4 0-1

[Event "Late-Titled-Tuesday-Blitz-December-26-2023"]
[Site "Chess.com"]
[Date "2023.12.26"]
[Round "4"]
[White "js20000"]
[Black "Nf3c5"]
[Result "0-1"]
[WhiteElo "2770"]
[BlackElo "2493"]
[TimeControl "180+1"]
[EndTime "14:39:57 PST"]
[Termination "Nf3c5 won by checkmate"]

1. h4 e5 2. b3 d5 3. Bb2 Nc6 4.
e3 a6 5. h5 h6 6. g3 Nf6 7.
Bg2 Bg4 8. Bf3 Be6 9. Ne2 Qd7 10. d3 O-O-O 11. Nd2 Bc5 12. d4 exd4 13. exd4 Bd6 14. Kf1 Bh3+ 15. Kg1 Rhe8 16. Nf1 Bg4 17. Nc1 Qf5 18.
Kg2 Bxf3+ 19. Qxf3 Qxc2 20. Nd3 Nb4 21. Nxb4 Qxb2 22.
Qf5+ Kb8 23. Rb1 Qxd4 24. Nd3 Ne4 25. Rd1 Re6 26. Qf3 Rf6 27. Qe3 Qc3 28. Rc1 Qa5 29. f3 Qxa2+ 30. Kg1 Ng5 31. Rh2 Qa3 32. Nd2 Re6 33.
Qf2 Rde8 34. Kf1 Re3 35. Nb1 Qxb3 36. Ne1 Qb5+ 37. Kg1 Re2 38. Qf1 Rxe1 39. Rxe1 Rxe1 40. Qxe1 Nxf3+ 41. Kh1 Nxe1 42. Nd2 Qd3 43. Rf2 Qxg3 44.
Re2 Nf3 45. Re8+ Ka7 46. Nxf3 Qxf3+ 47. Kg1 Bc5+ 48. Kh2 Qg4 49. Rg8 Bd6+ 50. Kh1 Qg3 51. Ra8+ Kb6 52. Rxa6+ Kc5 53. Ra5+ Kd4 54. Rxd5+ Ke4 55.
Rd4+ Kf5 56. Rd5+ Kg4 57. Rg5+ Kh4 58. Rg4+ Kh3 59. Rh4+ Qxh4 60. Kg1 Qe1# 0-1

[Event "Late-Titled-Tuesday-Blitz-December-26-2023"]
[Site "Chess.com"]
[Date "2023.12.26"]
[Round "4"]
[White "Genghis_K"]
[Black "Hikaru"]
[Result "0-1"]
[WhiteElo "2862"]
[BlackElo "3234"]
[TimeControl "180+1"]
[EndTime "14:39:58 PST"]
[Termination "Hikaru won by resignation"]

1. e4 c5 2. Nf3 Nc6 3. Bb5 e5 4. O-O Bd6 5. d4 Nxd4 6. Bc4 Bc7 7. Nxd4 cxd4 8. c3 Nf6 9. cxd4 O-O 10. dxe5 Bxe5 11.
f4 Qb6+ 12. Kh1 Bxb2 13. Bxb2 Qxb2 14. Nd2 d5 15. exd5 Bg4 16. Qc1 Qxc1 17. Rfxc1 Rfd8 18. Rab1 b6 19. h3 Bf5 20. Rb5 Bc8 21. Nf3 Ba6 22.
Rb3 Rac8 23. Rbc3 Bxc4 24. Rxc4 Rxc4 25. Rxc4 Nxd5 26. Ne5 f6 27. Nc6 Rc8 28. Rd4 Rxc6 29. Rxd5 Rc7 30. a4 Kf7 31. a5 Ke6 32. Rh5 g6 33.
f5+ gxf5 34. axb6 axb6 35. Rh4 b5 36. Rb4 Rb7 37. Kh2 Kd6 38. Kg3 Kc5 39. Rb1 b4 40. Kf4 b3 41. Kxf5 Rb6 42. Kg4 Kc4 43. Kh5 b2 44. Kh6 Rb7 45. g4 Kc3 46. Rf1 Kd4 47. Rb1 Kd3 48. Rxb2 Rxb2 49. Kxh7 Ke4 50. Kg6 Rb6 51.
h4 f5+ 52. Kg5 fxg4 53. Kxg4 Rg6+ 54. Kh5 Rg8 55. Kh6 Kf5 56. h5 Rh8+ 0-1

[Event "Late-Titled-Tuesday-Blitz-December-26-2023"]
[Site "Chess.com"]
[Date "2023.12.26"]
[Round "4"]
[White "Rodalquilar"]
[Black "VitorBronson"]
[Result "1/2-1/2"]
[WhiteElo "2754"]
[BlackElo "2548"]
[TimeControl "180+1"]
[EndTime "14:40:00 PST"]
[Termination "Game drawn by repetition"]

1. d4 d5 2. Nf3 Nf6 3. Bf4 c5 4. e3 Nc6 5. c3 Qb6 6. Qc2 Bf5 7. dxc5 Bxc2 8. cxb6 axb6 9. Na3 Bf5 10. Nb5 O-O-O 11. Bc7 Rd7 12. Bxb6 e5 13. a4 Be7 14. a5 Bd8 15.
Be2 Re8 16. O-O Ne4 17. Rfd1 g5 18. Ne1 Kb8 19. Nd3 d4 20. cxd4 exd4 21. Nxd4 Bxb6 22. Nxc6+ bxc6 23. axb6 Red8 24. f3 Nf6 25. e4 Be6 26. Nc5 Rxd1+ 27. Rxd1 Rxd1+ 28. Bxd1 Nd7 29. b4 Nxb6 30.
e5 Nd7 31. Nxe6 fxe6 32. Bb3 Nxe5 33. Bxe6 Nd3 34. Bd7 Nxb4 35. Kf2 Kc7 36. Bf5 h6 37. Kg3 c5 38. Kg4 Kd6 39. Kh5 Ke5 40. Bb1 Kf6 41. Kxh6 c4 42. Kh5 c3 43. g4 c2 44. Bxc2 Nxc2 45.
h4 gxh4 46. Kxh4 Nd4 47. f4 Nf3+ 48. Kh5 Nd4 49. Kh6 Kf7 50. Kh7 Ne6 51. f5 Ng5+ 52. Kh6 Kf6 53. Kh5 Nf7 54. Kh4 Ng5 55. Kg3 Ke5 56. Kh4 Kf6 57. Kh5 Nf7 58. Kh4 Ng5 1/2-1/2

[Event "Late-Titled-Tuesday-Blitz-December-26-2023"]
[Site "Chess.com"]
[Date "2023.12.26"]
[Round "4"]
[White "lukazz029"]
[Black "Flaccidmoves"]
[Result "1-0"]
[WhiteElo "2002"]
[BlackElo "2393"]
[TimeControl "180+1"]
[EndTime "14:40:01 PST"]
[Termination "lukazz029 won by checkmate"]

1. e4 Nf6 2. e5 Nd5 3. d4 d6 4.
Nf3 Bf5 5. Bd3 Bxd3 6. Qxd3 c6 7. O-O g6 8. Re1 Bg7 9. exd6 Qxd6 10. c3 O-O 11.
Ne5 Nd7 12. f4 c5 13. Na3 cxd4 14. Nb5 Nxe5 15. fxe5 Qb6 16. Nxd4 Rad8 17. a4 Nc7 18.
a5 Qc5 19. Qg3 Nd5 20. Kh1 e6 21. Bg5 Rd7 22. a6 b6 23. Qh4 Qc4 24. Re4 Qd3 25.
Rae1 Qxa6 26. Bf6 Qd3 27. Nf3 h6 28. Rd4 Qf5 29. Bxg7 Kxg7 30. c4 g5 31. Qg3 Rfd8 32. cxd5 Rxd5 33. Rxd5 Rxd5 34. h4 Kg6 35. hxg5 Qc2 36.
gxh6+ Kxh6 37. Qg5+ Kh7 38. Qh5+ Kg7 39. Ng5 Qg6 40. Qxg6+ Kxg6 41. Nf3 Rb5 42. Re2 a5 43. Kh2 a4 44. Kg3 Rb4 45. Kf2 b5 46. Rc2 Rb3 47.
Rd2 b4 48. Ne1 a3 49. bxa3 bxa3 50. Nd3 Kf5 51. Ke2 Ke4 52. Nc5+ Kxe5 53. Nxb3 Kf4 54. Ra2 Kg3 55. Kf1 f5 56. Rxa3 e5 57. Nd2+ Kg4 58. Nf3 e4 59. Nd4 f4 60. Kf2 e3+ 61. Ke2 Kg3 62. Kf1 Kh2 63. Nf3+ Kh1 64. Ra1 e2+ 65. Kf2+ e1=Q+ 66. Rxe1# 1-0

[Event "Late-Titled-Tuesday-Blitz-December-26-2023"]
[Site "Chess.com"]
[Date "2023.12.26"]
[Round "4"]
[White "fks_stal_mielec"]
[Black "almaguerjm"]
[Result "0-1"]
[WhiteElo "2325"]
[BlackElo "2495"]
[TimeControl "180+1"]
[EndTime "14:40:02 PST"]
[Termination "almaguerjm won on time"]

1. c4 e5 2. Nc3 Nc6 3. g3 Nf6 4.
Bg2 Bc5 5. e3 O-O 6. Nge2 Re8 7.
O-O d6 8. d4 Bb6 9. b3 Bg4 10.
h3 exd4 11. hxg4 dxe3 12. f3 Ne7 13. Bb2 c6 14. Qc2 a5 15. Na4 Ba7 16. Bxf6 gxf6 17. Rad1 b5 18. Nac3 bxc4 19. bxc4 Ng6 20. f4 Qd7 21. Bf3 Kg7 22. Kg2 Rh8 23. Rh1 Rac8 24. Rh5 Rcd8 25. Qf5 Qe7 26. Bxc6 Rc8 27. Bd5 Rc5 28. Qe4 Qd8 29. Rdh1 Rc7 30. g5 fxg5 31. Rxg5 Re7 32. Qf5 Qb8 33. Qc2 Kf8 34. Rgh5 Ke8 35.
Rxh7 Rxh7 36. Rxh7 Nf8 37. Rh8 Qb4 38. Qf5 Rd7 39. Qe4+ Re7 40. Qh7 Bd4 41. Rg8 Bxc3 42. Bxf7+ Rxf7 43. Qe4+ Re7 44. Qa8+ Kd7 45. Qxf8 Qb7+ 46.
Kg1 Bb4 47. Qf5+ Kc7 48. Nd4 Bc5 49. Nb5+ Kb6 50. Qb1 e2+ 51. Kh2 Rh7+ 52. Qxh7 Qxh7+ 53. Kg2 Qxg8 0-1

[Event "Late-Titled-Tuesday-Blitz-December-26-2023"]
[Site "Chess.com"]
[Date "2023.12.26"]
[Round "4"]
[White "guillembaches"]
[Black "albi1999"]
[Result "1/2-1/2"]
[WhiteElo "2504"]
[BlackElo "2651"]
[TimeControl "180+1"]
[EndTime "14:40:11 PST"]
[Termination "Game drawn by repetition"]

1. Nf3 Nf6 2. d4 g6 3. Bg5 Bg7 4. Nbd2 O-O 5. c3 d6 6. e4 Nc6 7. Bd3 e5 8. O-O h6 9. Bh4 g5 10. Bg3 g4 11. dxe5 Nh5 12. Nd4 Nxe5 13. Be2 Nxg3 14. hxg3 h5 15. Nc4 Qg5 16. Ne3 Re8 17. Ndf5 Bh8 18. Qc2 Bd7 19. Rfe1 Rad8 20. Bf1 Ng6 21.
Rad1 Be5 22. Nd5 c6 23. Nde3 h4 24. gxh4 Nxh4 25. Nxh4 Qxh4 26. g3 Qh5 27. Bg2 Be6 28. Nf5 Qg5 29. b3 Qf6 30. c4 Bxf5 31. exf5 Bd4 32. Re4 Bc5 33. Rde1 Kf8 34. Rxe8+ Rxe8 35. Rxe8+ Kxe8 36. Qe4+ Kf8 37. Qxg4 Qa1+ 38. Bf1 Qxa2 39. Qf3 a5 40. Kg2 Qb2 41. g4 Qf6 42. Qf4 Bd4 43.
g5 Qe7 44. f6 Qe5 45. Qxe5 dxe5 46. Kf3 Bb2 47. Bd3 Bc1 48. Kg4 Bd2 49. f3 Bf4 50.
Kf5 Ke8 51. g6 fxg6+ 52. Kxg6 Kf8 53. f7 Bg3 54. Bf5 b5 55. cxb5 cxb5 56. Bd7 a4 57.
bxa4 bxa4 58. Bxa4 Bf4 59. Bb3 Bg3 60. Bd5 Bf4 61.
Kf5 Bg3 62. Kg6 Bf4 63. Be4 Bg3 64. Bf5 Bf4 65. Bh3 Bg3 66. Bf1 Bf4 67. Bc4 Bg3 68.
Bd5 1/2-1/2

[Event "Late-Titled-Tuesday-Blitz-December-26-2023"]
[Site "Chess.com"]
[Date "2023.12.26"]
[Round "4"]
[White "grandemestregringo"]
[Black "GlavkonVVS"]
[Result "0-1"]
[WhiteElo "2656"]
[BlackElo "2517"]
[TimeControl "180+1"]
[EndTime "14:40:13 PST"]
[Termination "GlavkonVVS won on time"]

1. f4 Nf6 2. Nf3 c5 3. e3 d5 4. b3 Nc6 5. Bb2 e6 6. Bb5 Be7 7. Bxc6+ bxc6 8. O-O O-O 9. Ne5 Bd7 10. d3 a5 11. a4 Ne8 12. Nd2 f6 13. Nef3 Nd6 14. c4 Be8 15. Ba3 Nf5 16. Qe2 Rb8 17. g4 Nh6 18. h3 Bf7 19. e4 Kh8 20. Rad1 Ng8 21. Qf2 Qb6 22. Rfe1 Rb7 23. Kg2 Rfb8 24. Nh2 Qc7 25. Nhf1 Bd6 26. e5 fxe5 27. fxe5 Bxe5 28. Bxc5 Bc3 29. Rc1 Rxb3 30. Nxb3 Bxe1 31. Rxe1 Rxb3 32. Ng3 Rxd3 33. g5 e5 34. Nf5 Bg6 35. Nh4 Be4+ 36. Kh2 Qd7 37. Re3 Rd1 38. Re1 Rxe1 39. Qxe1 h6 40.
g6 Qe6 41. Qxa5 Qf6 42. Qe1 Qf4+ 43. Qg3 Qd2+ 44. Qf2 Qd1 45. a5 Qh1+ 46. Kg3 Qc1 47. a6 Qg5+ 48. Kh2 Qc1 49. a7 Qa1 50. Bf8 Nf6 51.
cxd5 cxd5 52. Be7 Ng8 53. Bd8 d4 54. Bb6 Ba8 0-1

[Event "Late-Titled-Tuesday-Blitz-December-26-2023"]
[Site "Chess.com"]
[Date "2023.12.26"]
[Round "4"]
[White "Ali_rastbod"]
[Black "StellarChess"]
[Result "1-0"]
[WhiteElo "2732"]
[BlackElo "2523"]
[TimeControl "180+1"]
[EndTime "14:40:17 PST"]
[Termination "Ali_rastbod won by resignation"]

1. d3 a6 2. e4 b5 3. f4 Bb7 4. Nf3 e6 5. g3 d5 6. Qe2 dxe4 7. dxe4 Nf6 8. e5 Nd5 9. Bg2 Nd7 10. O-O c5 11. Ng5 Qb6 12. Kh1 h6 13. Ne4 Be7 14. c4 bxc4 15. Na3 Qc7 16. Nxc4 O-O 17. Ncd6 Bc6 18.
b3 f5 19. Nd2 Nb4 20. N2c4 Bd5 21. Be3 Qc6 22. Rac1 Bxg2+ 23. Qxg2 Nd5 24. Rfd1 N7b6 25. Nxb6 Qxb6 26. Bxc5 Qc6 27. Ba3 Qd7 28. Rxd5 exd5 29. Qxd5+ Kh7 30. e6 Qd8 31. Rd1 a5 32. Kg2 Ra6 33. Qe5 Qa8+ 34. Kf2 Qc6 35. Rd2 Rf6 36. h3 Qh1 37. Ke3 Qe1+ 38. Re2 Qxg3+ 39. Kd4 Qf3 40. Bc5 Rc6 41. Re3 Qf2 42. Kd5 Rc7 43. Rc3 Qd2+ 44. Qd4 Qg2+ 45. Ke5 Qe2+ 46. Re3 Qc2 47. Qd5 Qd2 48.
Qxd2 Rxc5+ 49. Qd5 Bxd6+ 50. Kxd6 Rxd5+ 51. Kxd5 Rf8 52. e7 Re8 53. Ke6 Kg8 54. a3 g6 55. Kd7 Kf7 56. h4 a4 57. bxa4 g5 58. hxg5 h5 59. a5 Ra8 60. g6+ Kf6 61. e8=Q Ra7+ 62.
Kc6 1-0

[Event "Late-Titled-Tuesday-Blitz-December-26-2023"]
[Site "Chess.com"]
[Date "2023.12.26"]
[Round "4"]
[White "a-z30"]
[Black "gahryman"]
[Result "1/2-1/2"]
[WhiteElo "2508"]
[BlackElo "2662"]
[TimeControl "180+1"]
[EndTime "14:40:18 PST"]
[Termination "Game drawn by repetition"]

1. c4 e5 2. d3 Nc6 3. Nf3 Bc5 4. g3 d6 5. Bg2 a6 6. e3 Nge7 7. d4 Ba7 8. dxe5 Nxe5 9. Nxe5 dxe5 10. Qxd8+ Kxd8 11. Nc3 c6 12. b3 Be6 13. Ba3 Ke8 14. Ne4 Bb8 15. O-O-O a5 16. Nc5 Bc8 17. Rd2 Bc7 18. Rhd1 f6 19. Nxb7 Bg4 20. f3 Bf5 21. Nd6+ Bxd6 22. Bxd6 a4 23. b4 Be6 24. Bxe7 Kxe7 25.
a3 c5 26. f4 Ra7 27. bxc5 Rc8 28. c6 Ra5 29. Kc2 Rc5 30. Bd5 Bxd5 31. Rxd5 Rxc4+ 32. Kd3 R8xc6 33. fxe5 Rc3+ 34. Ke4 R6c4+ 35. Kf3 Rxa3 36.
Rd7+ Ke6 37. exf6 gxf6 38. Rxh7 Rcc3 39. Re1 Rab3 40. Ra7 a3 41. Re2 Kd5 42. h4 Kc4 43. h5 Kd3 44. h6 Rc1 45. h7 Rh1 46. Ra2 Kc4 47. R2xa3 Rxa3 48. Rxa3 Rxh7 49. Ra6 Rh6 50. Re6 Kd5 51. Re4 f5 52. Rf4 Ke5 53. e4 fxe4+ 54.
Rxe4+ Kf5 55. Rf4+ Kg5 56. Rg4+ Kf5 57. Rf4+ Kg5 58.
Re4 Rf6+ 59. Rf4 Rb6 60. Kg2 Rb3 61. Kh3 Rb1 62. Rg4+ Kh5 63. Rh4+ Kg5 64. Rg4+ Kh5 65. Rh4+ Kg5 66. Kg2 Rb2+ 67. Kh3 Rb1 1/2-1/2

[Event "Late-Titled-Tuesday-Blitz-December-26-2023"]
[Site "Chess.com"]
[Date "2023.12.26"]
[Round "4"]
[White "Alexei_Gubajdullin"]
[Black "severomorskij"]
[Result "0-1"]
[WhiteElo "2618"]
[BlackElo "2891"]
[TimeControl "180+1"]
[EndTime "14:40:19 PST"]
[Termination "severomorskij won on time"]

1. d4 Nf6 2. Nf3 e6 3. Bf4 Be7 4. e3 Nh5 5. Be5 d6 6. Bf4 Nd7 7. Nbd2 b6 8. Bd3 Bb7 9. c3 O-O 10. Qc2 Nxf4 11. exf4 g6 12. h4 Nf6 13. h5 Nxh5 14.
Rxh5 gxh5 15. Bxh7+ Kg7 16. Be4 Bxe4 17. Nxe4 Rh8 18. O-O-O d5 19. Ng3 Bd6 20. Ne2 h4 21. g4 hxg3 22. Rg1 Qf6 23. Rxg3+ Kf8 24. Ne5 Rh1+ 25. Kd2 Bxe5 26. dxe5 Qh4 27. f5 Qh6+ 28. f4 Rh2 29. Rg5 Qh4 30. Qa4 Qf2 31. Qb5 Qxf4+ 32.
Kc2 Qxg5 33. Kb3 Rxe2 34. Qxe2 Qxf5 35. Qh2 Kg7 36. Qh4 Rh8 37. Qg3+ Qg6 38. Qf4 c5 39. Ka4 Rh5 40. Kb5 Rf5 41. Qh2 Rg5 42. Kc6 d4 43. Kb7 d3 44. Kxa7 Rg2 45. Qf4 d2 46. Qf3 c4 47. a4 Rh2 48. Qd1 Qg5 49. Kxb6 Rh8 50. a5 Rd8 51. a6 Qe3+ 52. Kb5 Rd5+ 53. Kxc4 Qe4+ 54. Kb3 Qxe5 55. Qg4+ Qg5 0-1

[Event "Late-Titled-Tuesday-Blitz-December-26-2023"]
[Site "Chess.com"]
[Date "2023.12.26"]
[Round "4"]
[White "Durarbayli"]
[Black "Agibileg"]
[Result "1-0"]
[WhiteElo "2899"]
[BlackElo "2696"]
[TimeControl "180+1"]
[EndTime "14:40:20 PST"]
[Termination "Durarbayli won by resignation"]

1. e4 e5 2. Nc3 Nf6 3. d4 exd4 4.
Qxd4 Nc6 5. Qd3 Bb4 6. Bd2 O-O 7. O-O-O Re8 8. Nge2 Ne5 9. Qg3 d5 10. Bg5 c6 11.
exd5 Bf5 12. dxc6 Bd6 13. cxb7 Rb8 14. Nd5 Nd3+ 15. Rxd3 Bxg3 16. Nxf6+ gxf6 17. Rxd8 Rexd8 18. Nxg3 fxg5 19. Nxf5 Rxb7 20. Bc4 Kf8 21. h4 g4 22. g3 Rc7 23. b3 a5 24. a4 Rc5 25. Ne3 Rd4 26.
Rd1 Rxd1+ 27. Kxd1 Ke7 28. Ke2 h5 29. c3 Kf6 30. b4 axb4 31. cxb4 Rc8 32. a5 Ke5 33. Bxf7 Kd4 34. Bxh5 Kc3 35. b5 Kb4 36. b6 Kxa5 37.
Bxg4 Rb8 38. Nd5 Kb5 39. Bf3 Kc5 40. h5 Re8+ 41. Kf1 Rf8 42. Kg2 Re8 43. g4 Rh8 44. b7 Rg8 45. Ne3 Kb6 46. Nf5 Kc7 47.
h6 Rh8 48. Kg3 Rg8 49. g5 Rxg5+ 50. Kf4 Rg8 51. Be4 Rf8 52. f3 Kb8 53. Kg5 Rg8+ 54. Kf6 Rh8 55. Kg7 Rd8 56. h7 Rd7+ 57. Kg6 Rd8 58. Nh6 Ka7 59. Nf7 Re8 60. h8=Q Re6+ 61. Qf6 Rd6 62. b8=Q+ 1-0

[Event "Late-Titled-Tuesday-Blitz-December-26-2023"]
[Site "Chess.com"]
[Date "2023.12.26"]
[Round "4"]
[White "FREZZY23"]
[Black "mightysmasher"]
[Result "0-1"]
[WhiteElo "2389"]
[BlackElo "2578"]
[TimeControl "180+1"]
[EndTime "14:40:20 PST"]
[Termination "mightysmasher won on time"]

1. Nf3 d5 2. d4 Nf6 3. g3 e6 4.
Bg2 Be7 5. O-O O-O 6. c4 b6 7. Ne5 Bb7 8. Nc3 Nbd7 9. Qa4 c5 10. Nxd7 Qxd7 11. Qxd7 Nxd7 12. dxc5 Nxc5 13. cxd5 exd5 14. Nxd5 Bxd5 15. Bxd5 Rad8 16. Rd1 Bf6 17. Rb1 Rd7 18. Bb3 Re7 19. Bc4 Re4 20. b3 Rfe8 21. f3 R4e7 22. e4 g5 23. Be3 g4 24. fxg4 Rxe4 25.
Bxc5 bxc5 26. Rf1 Kg7 27. g5 Bd4+ 28. Kg2 R8e7 29. Rf5 f6 30. gxf6+ Bxf6 31. Rbf1 Bd4 32.
Rf7+ Kh6 33. Rxe7 Rxe7 34. h4 Kg7 35. g4 h6 36. Rf5 a5 37. Rd5 Ra7 38. Rd6 a4 39. Bd3 axb3 40. axb3 Ra2+ 41. Kh3 Be5 42. Rg6+ Kf7 43. g5 h5 44. Rf6+ Bxf6 45. gxf6 Kxf6 46.
Kg3 Ke5 47. Kf3 Rb2 48. Bg6 Rxb3+ 49. Ke2 Rb4 50. Bxh5 Rxh4 51. Bf7 Kd4 52. Kd2 c4 53. Kc2 Rh2+ 54. Kc1 Kc3 55. Bd5 Rf2 56. Kb1 Rb2+ 57. Ka1 Rb5 58. Bc6 Rc5 0-1

[Event "Late-Titled-Tuesday-Blitz-December-26-2023"]
[Site "Chess.com"]
[Date "2023.12.26"]
[Round "4"]
[White "DuleMudule"]
[Black "Eternauta2400"]
[Result "0-1"]
[WhiteElo "2914"]
[BlackElo "2832"]
[TimeControl "180+1"]
[EndTime "14:40:22 PST"]
[Termination "Eternauta2400 won on time"]

1. d4 Nf6 2. Bg5 c5 3. dxc5 e6 4. e3 Bxc5 5. Nd2 O-O 6. Ngf3 d5 7. a3 h6 8. Bh4 Nc6 9. c4 Be7 10. Bd3 d4 11. exd4 Nxd4 12. O-O b6 13. Ne4 Bb7 14.
Nxf6+ Bxf6 15. Bxf6 Nxf3+ 16. Qxf3 Bxf3 17. Bxd8 Rfxd8 18. Bc2 Be2 19. Rfc1 Bxc4 20. Be4 Bd5 21. Bxd5 Rxd5 22. g3 a5 23. Rc6 Rb5 24. Rc2 Rd8 25.
Re1 Rd3 26. h4 g6 27. Re4 Rdb3 28. Ree2 h5 29. Kf1 Kg7 30. Ke1 Rd5 31. Re4 Rbd3 32. Rec4 Re5+ 33. Kf1 Rd1+ 34. Kg2 Rb1 35. Rf4 Rf5 36.
Rxf5 gxf5 37. Kf3 Kf6 38. Ke3 Ke5 39. Kd3 Rd1+ 40. Ke3 Rd5 41. Rc4 Rc5 42. Ra4 Rb5 43. b4 Kd5 44. bxa5 bxa5 45. Rd4+ Ke5 46. Ra4 Rc5 47. Kf3 Kd5 48. Kf4 f6 49. Kf3 Kc6 50.
Rd4 Rc3+ 51. Kg2 Rxa3 52. Rd8 Rb3 53. Rh8 Rb7 54. Rxh5 Ra7 55. Rh8 a4 56. Rc8+ Kb5 57.
Rc1 a3 58. h5 a2 59. Ra1 Kb4 60. h6 Kb3 61. Kh3 Rh7 62. g4 Rxh6+ 63. Kg3 fxg4 64. Kxg4 Kb2 65. Re1 a1=Q 0-1